 Dungeon Crawl Stone Soup version 0.26.0-10-g1f06aea511 (webtiles) character file.

Game seed: 7699305588392715801

197 Dirian the Shield-Bearer (level 5, -1/47 HPs)
             Began as a Minotaur Fighter on Jan 19, 2021.
             Slain by an ooze (4 damage)
             ... on level 3 of the Dungeon.
             The game lasted 00:02:04 (1668 turns).

Dirian the Shield-Bearer (Minotaur Fighter)         Turns: 1668, Time: 00:02:04

Health: -1/47      AC:  0    Str: 21    XL:     5   Next: 46%
Magic:  4/4        EV:  8    Int:  5    God:
Gold:   70         SH:  9    Dex: 10    Spells: 4/4 levels left

rFire    . . .     SeeInvis .   a - +0 long sword
rCold    . . .     Faith    .   c - +0 kite shield
rNeg     . . .     Spirit   .   b - +0 scale mail
rPois    .         Reflect  .   (helmet restricted)
rElec    .         Harm     .   (no cloak)
rCorr    .         Rampage  .   (no gloves)
Will     .....                  (no boots)
Stlth    ..........             (no amulet)
HPRegen  0.15/turn              (no ring)
MPRegen  0.09/turn              (no ring)

@: corroded
A: retaliatory headbutt, horns 2
a: no special abilities


You were on level 3 of the Dungeon.
You visited 1 branch of the dungeon, and saw 3 of its levels.

You collected 70 gold pieces.

Inventory:

Hand Weapons
 a - a +0 long sword (weapon)
Armour
 b - a +0 scale mail (worn)
 c - a +0 kite shield (worn)
Scrolls
 f - 3 scrolls of identify {unknown}
 i - a scroll of teleportation {unknown}
Potions
 d - 2 potions of might
 e - 4 potions of curing {unknown}
 g - a potion of berserk rage {unknown}
 h - a potion of heal wounds {unknown}


   Skills:
 + Level 4.3 Fighting
 + Level 4.3 Long Blades
 + Level 4.7 Armour
 + Level 1.4 Dodging
 + Level 4.8 Shields


You had 4 spell levels left.
You didn't know any spells.
Your spell library was empty.

Dungeon Overview and Level Annotations

Branches:
Dungeon (3/15)

Altars:


Innate Abilities, Weirdness & Mutations

You reflexively headbutt those who attack you in melee.
You have a pair of horns on your head.


Message History

The jelly is almost dead.
The jelly hits you.
You are splashed with acid!
* * * LOW HITPOINT WARNING * * *
You slash the jelly!
You kill the jelly!
You hit the ooze but do no damage. You headbutt the ooze.
The ooze is moderately wounded.
The ooze barely misses you. You block the ooze's attack.
You hit the ooze.
The ooze is moderately wounded.
The ooze hits you.
* * * LOW HITPOINT WARNING * * *
You hit the ooze but do no damage. You headbutt the ooze!
The ooze is almost dead.
The ooze hits you.
* * * LOW HITPOINT WARNING * * *
You hit the ooze but do no damage.
The ooze is almost dead.
The ooze hits you.
You die...

..####.#
..# #.##..
..# #.##..
### #.##.P
..# #.##..
..# #.##..
..# #.##J.
..####.#
#'#######
.......#
#...)J@##
..######
########.#
..#
#....'..##
..#
#....####
..#
#.......#
..##
#.......#
...#
#.......#
...#
#.......#
...#
##...[.##


You could see an ooze.

Vanquished Creatures
  2 jellies (D:3)
  An orc wizard (D:2)
  An orc priest (D:3)
  An adder (D:2)
  An adder skeleton (D:2)
  A worm (D:3)
  2 orcs
  9 bats
  2 giant cockroaches (D:1)
  5 goblins (D:1)
  6 hobgoblins
  8 jackals (D:2)
  6 frilled lizards
  13 kobolds
  3 rats (D:1)
61 creatures vanquished.

Vanquished Creatures (others)
  2 plants (D:1)
  15 toadstools (D:3)
17 creatures vanquished.

Grand Total: 78 creatures vanquished

Notes
Turn   | Place    | Note
-------+----------+-------------------------------------------
     0 | D:1      | Dirian the Minotaur Fighter began the quest for the Orb.
     0 | D:1      | Reached XP level 1. HP: 19/19 MP: 0/0
   193 | D:1      | Reached XP level 2. HP: 26/27 MP: 1/1
   772 | D:2      | Reached XP level 3. HP: 23/33 MP: 2/2
  1300 | D:2      | Reached XP level 4. HP: 40/40 MP: 3/3
  1322 | D:3      | Reached skill level 1 in Dodging
  1655 | D:3      | Reached XP level 5. HP: 41/46 MP: 4/4
  1668 | D:3      | Slain by an ooze

Illustrated notes

Levels and vault maps discovered:
D:1:      dpeg_arrival_concentric_ovals, layout_rooms, serial_bayou_crossing
D:2:      layout_basic
D:3:      cheibrodos_fertilizer, layout_basic, old_standard_altar,
          chequers_ecumenical_altar_simple_redux

Skill      XL: |  1  2  3  4 |
---------------+-------------+-----
Armour         | 4 |  4.7
Shields        | 4 |  4.8
Long Blades    | 3 4 |  4.3
Fighting       | 4 |  4.3
Dodging        | 1 |  1.4

Action                   |  1- 3 |  4- 6 || total
-------------------------+-------+-------++-------
Melee: Long sword        |   131 |    49 ||   180
       Headbutt          |    21 |    13 ||    34
Armor: Scale mail        |    84 |    13 ||    97
Dodge: Dodged            |    51 |    11 ||    62
Block: Kite shield       |    83 |    10 ||    93
       Rpst.: Long sword |    15 |     2 ||    17
